 Dungeon Crawl Stone Soup version 0.30-a0-371-gad7725a93e (webtiles) character file.

Game seed: 10670921550303037883

45 flotson the Sneak (level 3, -1/29 HPs)
             Began as a Demonspawn Delver on Nov 22, 2022.
             Killed by nerve-wracking pain
             ... invoked by Menkaure
              (5 damage)
             ... in an ossuary.
             The game lasted 00:01:52 (581 turns).

flotson the Sneak (Demonspawn Delver)                Turns: 581, Time: 00:01:53

Health: -1/29      AC:  3    Str: 14    XL:     3   Next: 42%
Magic:  3/3        EV: 12    Int: 11    God:
Gold:   23         SH:  0    Dex: 14    Spells: 2/2 levels left

rFire   . . .      SeeInvis .    a - +0 trident
rCold   . . .      Faith    .    (no shield)
rNeg    . . .      Spirit   .    b - +0 leather armour
rPois   .          Reflect  .    (no helmet)
rElec   .          Harm     .    (no cloak)
rCorr   .          Rampage  .    (no gloves)
Will    .....                    (no boots)
Stlth   ++........               (no amulet)
HPRegen 0.24/turn                (no ring)
MPRegen 0.08/turn                (no ring)

@: marked
A: weakness stinger 1
a: no special abilities


You were in an ossuary.
You visited 1 branch of the dungeon, and saw 2 of its levels.
You also visited: Ossuary.

You collected 23 gold pieces.

Inventory:

Hand Weapons
 a - a +0 trident (weapon)
Armour
 b - a +0 leather armour (worn)
Wands
 g - a wand of digging (3)
Scrolls
 c - a scroll of fog
 e - a scroll of fear
Potions
 f - a potion of haste


   Skills:
 + Level 3.4 Fighting
 - Level 1.7 Polearms
 + Level 1.2 Armour
 + Level 2.2 Dodging
 - Level 4.5 Stealth
 + Level 1.4 Evocations


You had 2 spell levels left.
You didn't know any spells.
Your spell library was empty.

Dungeon Overview and Level Annotations

Branches:
Dungeon (5/15)             Temple (0/1) D:4         Ossuary (1/1)

Altars:
Wu Jian

Annotations:
Ossuary Menkaure


Innate Abilities, Weirdness & Mutations

You have a small tail.


Message History

No target in view!
No target in view!
No target in view!
No target in view!
No target in view!
Menkaure, Prince of Dust comes into view.
Unknown command.
Really walk onto that alarm trap?
You set off the alarm!
The alarm trap emits a blaring wail!
A sentinel's mark forms upon you.
You hear a shout!
You start waiting.
Menkaure is nearby!
Menkaure casts a spell.
Menkaure seems to speed up.
You reach to attack!
You barely miss Menkaure. You hit Menkaure.
Menkaure is lightly damaged.
Menkaure misses you.
You barely miss Menkaure.
Menkaure is lightly damaged.
Menkaure whispers, "It doesn't hurt if you pull your brain out of your nose yourself."
Menkaure misses you. x2
You hit Menkaure.
Menkaure is moderately damaged.
Menkaure hits you!!
Ouch! That really hurt!
* * * LOW HITPOINT WARNING * * *
You are too injured to fight recklessly!
You are too injured to fight recklessly!
You are too injured to fight recklessly!
You are too injured to fight recklessly!
You are too injured to fight recklessly!
Menkaure gestures at you while chanting.
Pain shoots through your body!
* * * LOW HITPOINT WARNING * * *
Menkaure casts a spell at you. Pain shoots through your body!
You die...

##..######..## ##..##....##..##
##..##..##..##..##
##..##..####..##..##
##..##..######..##..##
##..##..##....##..##..##
##..##..##..##M.##..##..##
#..##..##..####..##..##..##
..##..##..## ##@.##..##..##
.##..##..## ##..##..##..##
##..##..## ##..##..##..##
#..##..## ##..##..##..## ..##..##
##..##..##..## .##..##
##..##..##..## ##..#########
##..##..##..# #.........M..
##..##..##..
########################..##..##.


You could see Menkaure (fast).

Vanquished Creatures
  A mummy (Ossuary)
  4 gnoll skeletons (Ossuary)
  4 gnoll zombies (Ossuary)
  5 goblin skeletons (Ossuary)
  5 goblin zombies (Ossuary)
  2 hobgoblin skeletons (Ossuary)
  4 hobgoblin zombies (Ossuary)
  6 kobold skeletons (Ossuary)
  4 kobold zombies (Ossuary)
  2 orc skeletons (Ossuary)
  3 orc zombies (Ossuary)
  3 rat skeletons (Ossuary)
  4 rat zombies (Ossuary)
47 creatures vanquished.

Notes
Turn   | Place    | Note
-------+----------+-------------------------------------------
     0 | D:5      | flotson the Demonspawn Delver began the quest for the Orb.
     0 | D:5      | Reached XP level 1. HP: 18/18 MP: 1/1
    68 | D:5      | Noticed a phantom
    74 | D:4      | Found an ornate altar of the Wu Jian Council.
    92 | D:4      | Found a sand-covered staircase.
    98 | Ossuary  | Entered an ossuary
   196 | Ossuary  | Gained mutation: You have a small tail. [demonic ancestry]
   196 | Ossuary  | Reached XP level 2. HP: 24/24 MP: 2/2
   430 | Ossuary  | Reached skill level 1 in Evocations
   437 | Ossuary  | Reached skill level 1 in Armour
   495 | Ossuary  | Reached XP level 3. HP: 29/29 MP: 3/3
   543 | Ossuary  | Noticed Menkaure
   581 | Ossuary  | Killed from afar by Menkaure

Illustrated notes

Levels and vault maps discovered:
D:4:      layout_basic, mainiacjoe_overflow_chevrons,
          mainiacjoe_overflow_catch_the_wave, minmay_temple_entry_nine_rooms,
          lightli_ossuary_entry_decrepit_ruins, uniq_duvessa, uniq_sigmund
D:5:      layout_loops_corners, grunt_ministairs_15, uniq_prince_ribbit1
Ossuary:  ossuary_due_pyramid

Skill      XL: |  1  2 |
---------------+-------+-----
Dodging        | 2 |  2.2
Evocations     | 1 |  1.4
Armour         | 1 |  1.2
Fighting       | |  3.4
Polearms       | |  1.7
Stealth        | |  4.5

Action                   || total
-------------------------++-------
Melee: Trident           ||   149
       Punch             ||     3
       Tailslap          ||    16
  Use: Scroll            ||     1
 Stab: Sleeping          ||     2
Armor: Leather armour    ||    24
Dodge: Dodged            ||    53

Table legend: (Time is in decaauts)
 A = Elapsed time spent in this place.
 B = Non-inter-level travel time spent in this place.
 C = Inter-level travel time spent in this place.
 D = Time resting spent in this place.
 E = Time spent auto-exploring this place.
 F = Levels seen in this place.
 G = Mean time per level.
                   A        B        C        D        E       F      G
               +--------+--------+--------+--------+--------+-----+--------+
         Total |    611 |    611 |      0 |     16 |    280 |   3 |  203.7 |
       Dungeon |     97 |     97 |      0 |      0 |     60 |   2 |   48.5 |
       Ossuary |    514 |    514 |      0 |     16 |    220 |   1 |  514.0 |
               +--------+--------+--------+--------+--------+-----+--------+

Top non-repeatable levels by time:
 Ossuary: 514 daAuts
     D:5: 72 daAuts
     D:4: 24 daAuts
